 Dungeon Crawl Stone Soup version 0.30-a0-39-g42789b21ef (webtiles) character file.

Game seed: 257693263732401682

849 SensoryNuts the Cleaver (level 8, -3/68 HPs)
             Began as a Hill Orc Fighter on Aug 28, 2022.
             Killed by an exploding killer bee (11 damage)
             ... ignited by their inner flame
             ... on level 5 of the Dungeon.
             The game lasted 00:05:39 (13394 turns).

SensoryNuts the Cleaver (Hill Orc Fighter)         Turns: 13394, Time: 00:05:40

Health: -3/68      AC: 10    Str: 21      XL:     8   Next: 1%
Magic:  8/8        EV: 10    Int:  7 (8)  God:
Gold:   242        SH:  9    Dex: 10      Spells: 7/7 levels left

rFire   + . .      SeeInvis +    a - +0 war axe
rCold   + + .      Faith    .    c - +0 buckler
rNeg    . . .      Spirit   .    b - +0 scale mail
rPois   +          Reflect  +    (helmet restricted)
rElec   +          Harm     .    (no cloak)
rCorr   +          Rampage  .    u - +0 pair of gloves
Will    .....                    m - +1 pair of boots
Stlth   ..........               h - amulet of reflection
HPRegen 0.21/turn                t - ring of see invisible
MPRegen 0.11/turn                (no ring)

@: mighty, resistant
A: horns 1, talons 1, cold resistance 1
a: no special abilities


You were on level 5 of the Dungeon.
You visited 1 branch of the dungeon, and saw 5 of its levels.

You collected 242 gold pieces.

Inventory:

Hand Weapons
 a - a +0 war axe (weapon)
Armour
 b - a +0 scale mail (worn)
 c - a +0 buckler (worn)
 m - a +1 pair of boots (worn)
 u - a +0 pair of gloves (worn)
Jewellery
 h - an amulet of reflection (around neck)
 l - a ring of wizardry
 t - a ring of see invisible (left hand)
Wands
 o - a wand of flame (46)
 s - a wand of charming (15)
Scrolls
 f - a scroll of noise
 q - 4 scrolls of teleportation
Potions
 i - a potion of mutation
 k - a potion of cancellation
 r - 3 potions of degeneration


   Skills:
 + Level 5.0 Fighting
 * Level 8.3 Axes
 + Level 4.9 Armour
 + Level 1.8 Dodging
 + Level 1.2 Stealth
 + Level 4.7 Shields


You had 7 spell levels left.
You didn't know any spells.
Your spell library contained the following spells:

 Spells                   Type           Power      Damage    Failure   Level
 Beastly Appendage        Tmut           0%         N/A       83%         1
 Blink                    Tloc           0%         N/A       93%         2
 Wereblood                Tmut           0%         N/A       93%         2
 Gell's Gravitas          Tloc           0%         N/A       99%         3
 Inner Flame              Hex/Fire       0%         N/A       99%         3
 Lesser Beckoning         Tloc           0%         N/A       99%         3
 Spider Form              Tmut/Pois      0%         N/A       99%         3
 Summon Guardian Golem    Hex/Summ       0%         N/A       99%         3
 Teleport Other           Tloc           0%         N/A       99%         3
 Cause Fear               Hex            0%         N/A       100%        4
 Manifold Assault         Tloc           0%         N/A       100%        5
 Orb of Destruction       Conj           0%         9d5       100%        7
 Spellforged Servitor     Conj/Summ      0%         N/A       100%        7
 Storm Form               Tmut/Air       0%         N/A       100%        7
 Discord                  Hex            0%         N/A       100%        8


Dungeon Overview and Level Annotations

Branches:
Dungeon (5/15)
 Temple: D:4-7

Altars:
Nemelex Xobeh
Vehumet


Innate Abilities, Weirdness & Mutations

You have a pair of small horns on your head.
You have sharp toenails.
Your flesh is cold resistant. (rC+)


Message History

It was a scroll of immolation.
You block the killer bee's attack.
The killer bee stings you but does no damage.
You miss the killer bee. Your headbutt misses the killer bee.
The killer bee is heavily wounded.
The killer bee stings you.
* * * LOW HITPOINT WARNING * * *
The killer bee stings you but does no damage.
You block the killer bee's attack.
You closely miss the killer bee.
The killer bee is heavily wounded.
You block the killer bee's attack. x2
The killer bee attacks as you move away!
The killer bee barely misses you.
The killer bee stings you but does no damage.
As you read the scroll of teleportation, it crumbles to dust.
You feel strangely unstable. You block the killer bee's attack.
The killer bee closely misses you.
You miss the killer bee.
The killer bee is heavily wounded.
You block the killer bee's attack. The killer bee stings you.
* * * LOW HITPOINT WARNING * * *
The killer bee misses you.
The killer bee attacks as you move away!
You block the killer bee's attack.
Your surroundings suddenly seem different.
A killer bee is nearby!
A killer bee is nearby!
A killer bee is nearby!
The killer bee stings you.
* * * LOW HITPOINT WARNING * * *
You completely miss the killer bee.
The killer bee stings you but does no damage.
You block the killer bee's attack.
You slash the killer bee!
Flame seeps out of the killer bee.
Your headbutt misses the killer bee.
The killer bee is severely wounded.
The killer bee is engulfed in blazing flames.
The killer bee explodes!
The fiery explosion engulfs you! You resist.
You die...

...##.# #.#.#.#..#.#.# ...##.#
#.#.#.##.#.#.# ...##.#
#.#........#.# ...##.#
#.###.##.###.####### ......#
#.....##............
###########.....######.#######
..............§§.......#
###########.###○######## #.#
#§@....... #.# #.####.#.# #.#
#.# #.# #.# #.# ### #.#


There were no monsters in sight!

Vanquished Creatures
  Prince Ribbit (D:5)
  A scorpion (D:4)
  4 killer bees (D:5)
  2 hounds
  A jelly (D:5)
  Terence (D:2)
  Jessica (D:3)
  3 iguanas (D:5)
  Natasha (thrice) (D:2)
  A gnoll (D:1)
  6 adders
  A worm (D:4)
  A dart slug (D:1)
  11 orcs
  9 ball pythons
  5 bats
  6 endoplasms
  13 giant cockroaches
  6 goblins
  3 hobgoblins
  6 jackals
  5 kobolds
  5 quokkas
  5 frilled lizards
  8 rats
108 creatures vanquished.

Notes
Turn   | Place    | Note
-------+----------+-------------------------------------------
     0 | D:1      | SensoryNuts the Hill Orc Fighter began the quest for the
                  | Orb.
     0 | D:1      | Reached XP level 1. HP: 19/19 MP: 1/1
    55 | D:1      | Reached XP level 2. HP: 23/27 MP: 2/2
    66 | D:1      | Reached skill level 3 in Axes
   377 | D:1      | Reached XP level 3. HP: 33/33 MP: 3/3
   393 | D:1      | Found a faded altar of an unknown god.
   835 | D:2      | Reached XP level 4. HP: 31/40 MP: 4/4
   847 | D:2      | Reached skill level 4 in Axes
   996 | D:2      | Noticed Terence
  1004 | D:2      | Killed Terence
  1103 | D:2      | Noticed Natasha
  1110 | D:2      | Killed Natasha
  1111 | D:2      | Reached XP level 5. HP: 32/47 MP: 5/5
  1317 | D:2      | Noticed Natasha
  1321 | D:2      | Killed Natasha
  1322 | D:2      | Reached skill level 1 in Stealth
  1416 | D:2      | Noticed Natasha
  1426 | D:2      | Killed Natasha
  1724 | D:2      | Reached skill level 5 in Axes
  1733 | D:2      | You fall into a shaft and drop 2 floors!
  1770 | D:4      | Found a radiant altar of Vehumet.
  1836 | D:3      | Noticed Jessica
  1843 | D:3      | Killed Jessica
  1844 | D:3      | Reached XP level 6. HP: 42/53 MP: 6/6
 11654 | D:3      | Gained mutation: You occasionally lose the ability to drink
                  | potions when taking damage. [potion of mutation]
 11654 | D:3      | Gained mutation: You are clumsy. (Dex -2) [potion of
                  | mutation]
 11654 | D:3      | Gained mutation: Your movements are slightly less
                  | encumbered by armour. (ER -2) [potion of mutation]
 12044 | D:4      | Reached skill level 6 in Axes
 12817 | D:4      | Lost mutation: You occasionally lose the ability to drink
                  | potions when taking damage. [potion of mutation]
 12817 | D:4      | Lost mutation: You are clumsy. (Dex -2) [potion of
                  | mutation]
 12817 | D:4      | Lost mutation: Your movements are slightly less encumbered
                  | by armour. (ER -2) [potion of mutation]
 12817 | D:4      | Gained mutation: You have a pair of small horns on your
                  | head. [potion of mutation]
 12817 | D:4      | Gained mutation: Your flesh is cold resistant. (rC+)
                  | [potion of mutation]
 12817 | D:4      | Gained mutation: You have sharp toenails. [potion of
                  | mutation]
 12834 | D:5      | Entered Level 5 of the Dungeon
 12849 | D:5      | Reached XP level 7. HP: 60/60 MP: 7/7
 12869 | D:5      | Reached skill level 7 in Axes
 12925 | D:5      | Noticed Prince Ribbit
 12947 | D:5      | Killed Prince Ribbit
 12948 | D:5      | Reached skill level 8 in Axes
 12948 | D:5      | Reached skill level 1 in Dodging
 13135 | D:5      | Found a sparkling altar of Nemelex Xobeh.
 13369 | D:5      | Reached skill level 5 in Fighting
 13369 | D:5      | Reached XP level 8. HP: 20/68 MP: 8/8
 13394 | D:5      | Killed by an exploding killer bee... ignited by their inner
                  | flame

Illustrated notes

Levels and vault maps discovered:
D:1:      minmay_arrival_plants_in_alcoves, layout_loops_ring,
          hellmonk_ecumenical_altar_inner_sanctum
D:2:      layout_rooms, uniq_terence, uniq_natasha
D:3:      minmay_roachtagon, layout_rooms, uniq_jessica
D:4:      layout_basic, old_standard_altar
D:5:      layout_basic, nemelex_xobeh_ov_fountains_minmay, old_standard_altar,
          amcnicky_mini_pool_small, uniq_prince_ribbit1

Skill      XL: |  1  2  3  4  5  6  7 |
---------------+----------------------+-----
Axes           | 3 4 5 6 8 |  8.3
Fighting       | 4 5 |  5.0
Stealth        | 1 |  1.2
Armour         | 4 |  4.9
Shields        | 4 |  4.7
Dodging        | 1 |  1.8

Action                   |  1- 3 |  4- 6 |  7- 9 || total
-------------------------+-------+-------+-------++-------
Melee: War axe           |    93 |   193 |    74 ||   360
       Headbutt          |       |     1 |     3 ||     4
  Use: Potion            |       |    11 |     7 ||    18
       Scroll            |       |     7 |     2 ||     9
Armor: Scale mail        |    37 |    81 |    30 ||   148
Dodge: Dodged            |    36 |    92 |    39 ||   167
Block: Buckler           |    41 |    91 |    47 ||   179
       Reflection        |     1 |     3 |       ||     4

Table legend: (Time is in decaauts)
 A = Elapsed time spent in this place.
 B = Non-inter-level travel time spent in this place.
 C = Inter-level travel time spent in this place.
 D = Time resting spent in this place.
 E = Time spent auto-exploring this place.
 F = Levels seen in this place.
 G = Mean time per level.
                   A        B        C        D        E       F      G
               +--------+--------+--------+--------+--------+-----+--------+
         Total |  13506 |  13290 |    216 |   9373 |   2989 |   5 | 2701.2 |
       Dungeon |  13506 |  13290 |    216 |   9373 |   2989 |   5 | 2701.2 |
               +--------+--------+--------+--------+--------+-----+--------+

Top non-repeatable levels by time:
     D:2: 10485 daAuts
     D:4: 919 daAuts
     D:1: 849 daAuts
     D:3: 679 daAuts
     D:5: 573 daAuts
